 Seeded DCSS version 0.28-a0-1567-g1695149f81 (webtiles) character file.

Game seed: 4330 (custom seed)

2004 knot the Cleaver (level 9, 63/63 HPs)
             Began as a Demonspawn Berserker on Jan 20, 2022.
             Was a Believer of Trog.
             Quit the game on level 6 of the Dungeon.
             The game lasted 00:09:06 (8532 turns).

knot the Cleaver (Demonspawn Berserker)             Turns: 8532, Time: 00:09:06

Health: 63/63      AC: 11    Str: 17    XL:     9   Next: 2%
Magic:  9/9        EV: 13    Int: 13    God:    Trog [**....]
Gold:   134        SH:  0    Dex: 13    Spells: 8/8 levels left

rFire   . . .      SeeInvis .   a - +0 hand axe
rCold   . . .      Faith    .   (no shield)
rNeg    . . .      Spirit   .   w - +1 scale mail {rPois}
rPois   +          Reflect  .   (no helmet)
rElec   .          Harm     .   r - +0 cloak
rCorr   .          Rampage  .   d - +1 pair of gloves
Will    .....                   v - +0 pair of boots
Stlth   ..........              (no amulet)
HPRegen 0.20/turn               (no ring)
MPRegen 0.11/turn               (no ring)

@: no status effects
A: repulsion field 2, powered by pain 1, weakness stinger 2
a: Renounce Religion, Berserk, Trog's Hand


You were on level 6 of the Dungeon.
You worshipped Trog.
Trog was pleased with you.
You visited 1 branch of the dungeon, and saw 6 of its levels.

You collected 337 gold pieces.
You spent 203 gold pieces at shops.

Inventory:

Hand Weapons
 a - a +0 hand axe (weapon)
Missiles
 c - 8 poisoned darts (quivered)
 f - 100 stones
Armour
 d - a +1 pair of gloves (worn)
 r - a +0 cloak (worn)
 v - a +0 pair of boots (worn)
 w - a +1 scale mail of poison resistance (worn)
Wands
 l - a wand of digging (6)
Scrolls
 e - a scroll of fog
 g - a scroll of fear {unknown}
 h - 2 scrolls of blinking {unknown}
 i - a scroll of holy word {unknown}
 k - 3 scrolls of identify
 n - a scroll of enchant armour {unknown}
 p - a scroll of enchant weapon {unknown}
 t - 2 scrolls of brand weapon
Potions
 b - 2 potions of cancellation {unknown}
 j - 2 potions of might
 m - 3 potions of curing {unknown}
 o - a potion of haste {unknown}
 q - a potion of degeneration {unknown}
 s - a potion of magic {unknown}
 u - a potion of invisibility {unknown}
 x - 2 potions of heal wounds


   Skills:
 - Level 3.0 Fighting
 + Level 11.1 Axes
 - Level 1.7 Armour
 - Level 1.7 Dodging


You had 8 spell levels left.
You didn't know any spells.
Your spell library contained the following spells:

 Spells                   Type           Power      Damage    Failure   Level
 Ignite Poison            Fire/Tmut/Pois 0%         N/A       97%         3
 Mephitic Cloud           Conj/Pois/Air  0%         N/A       97%         3
 Cause Fear               Hex            0%         N/A       100%        4
 Freezing Cloud           Conj/Ice/Air   0%         6-21      100%        5
 Dragon Form              Tmut           0%         N/A       100%        7
 Dragon's Call            Summ           0%         N/A       100%        9


Dungeon Overview and Level Annotations

Branches:
Dungeon (6/15)             Temple (0/1) D:6

Altars:
Gozag
Okawaru

Shops:
D:3 !   D:5 (   D:6 ([


Innate Abilities, Weirdness & Mutations

You are surrounded by a moderate repulsion field. (EV +3)
You sometimes gain a little power by taking damage.
You have a tail ending in a sharp stinger.


Message History

You feel sick. The water moccasin closely misses you.
You slash the water moccasin!
You kill the water moccasin!
Trog accepts your kill.
You can now call upon Trog for regeneration and willpower.
You feel sick.
You have reached level 9!
Your experience leads to an increase in your attributes!
Increase (S)trength, (I)ntelligence, or (D)exterity?
You feel clever. x2; Your demonic ancestry asserts itself...
You feel energised by your suffering.
You feel sick. The kobold misses you.
Things that are here:
a +0 short sword; a curare-tipped dart You slash the kobold!
You kill the kobold!
Trog accepts your kill.
Found 26 sling bullets.
You feel sick. The kobold misses you.
You slash the kobold!
You kill the kobold!
Trog accepts your kill.
No target in view!
No target in view!
No target in view!
You start resting.
You feel sick.
You feel a strong urge to attack something.
You feel sick.
You start resting.
You are no longer berserk.
You are exhausted.
You feel yourself slow down.
You start resting.
You feel sick.
You are no longer poisoned.
You start resting.
You feel yourself speed up.
You start resting.
You recover from your berserk rage.
You start resting.
HP restored.
Are you sure you want to abandon this character and quit the game? (Confirm with "yes".)

###########
###.........# ####
#.....).....#
...######.#....)@)..#
....#.....#.....)(.>...(
.......##########....<..
.∩...#..######## ##.....
...†.##........# .....
..†.#.....####....
..#.##.. ### ...##.....#
### . .......###..
..#.......# #..
.##...#......
..........# #.# ....
..##..>


There were no monsters in sight!

Vanquished Creatures
  Grinder (D:5)
  Eustachio (D:6)
  Duvessa (D:5)
  A water moccasin (D:6)
  A sky beast (D:6)
  A necrophage (D:5)
  A centaur (D:4)
  A phantom (D:6)
  A kobold brigand (D:6)
  A bullfrog (D:6)
  2 scorpions (D:5)
  A water moccasin skeleton (D:6)
  Dowan (D:4)
  The ghost of dolemite99 the Poker, a weakling MiGl (D:3)
  4 killer bees (D:5)
  4 hounds
  3 orc priests (D:6)
  Crazy Yiuf (D:5)
  2 iguanas
  Ijyb (D:3)
  4 orc wizards
  A hound skeleton (D:5)
  3 gnolls (D:2)
  3 adders
  A white imp (D:6)
  A worm (D:2)
  A dart slug (D:3)
  5 orcs
  6 endoplasms
  2 giant cockroaches
  4 goblins
  9 hobgoblins
  6 jackals
  3 quokkas
  9 ball pythons
  3 bats
  4 frilled lizards
  11 kobolds
  A rat (D:3)
107 creatures vanquished.

Vanquished Creatures (others)
  15 plants
15 creatures vanquished.

Grand Total: 122 creatures vanquished

Notes
Turn   | Place    | Note
-------+----------+-------------------------------------------
     0 | D:1      | knot the Demonspawn Berserker began the quest for the Orb.
     0 | D:1      | Reached XP level 1. HP: 18/18 MP: 1/1
   241 | D:1      | Reached skill level 3 in Axes
   438 | D:1      | Gained mutation: You have a small tail. [demonic ancestry]
   438 | D:1      | Reached XP level 2. HP: 24/24 MP: 2/2
   510 | D:1      | Found a faded altar of an unknown god.
   979 | D:2      | Gained mutation: You are surrounded by a mild repulsion
                  | field. (EV +2) [demonic ancestry]
   979 | D:2      | Reached XP level 3. HP: 27/29 MP: 3/3
   985 | D:2      | Reached skill level 4 in Axes
  1235 | D:2      | Reached ** piety under Trog
  1256 | D:2      | Found an opulent altar of Gozag.
  1302 | D:2      | Gained mutation: You have a tail ending in a sharp stinger.
                  | [demonic ancestry]
  1302 | D:2      | Reached XP level 4. HP: 35/35 MP: 4/4
  1924 | D:3      | Found Tasuffof's Distillery.
  1983 | D:3      | Noticed Ijyb
  1986 | D:3      | Noticed dolemite99's ghost (weakling MiGl)
  1993 | D:3      | Killed Ijyb
  1994 | D:3      | Reached skill level 5 in Axes
  2081 | D:3      | Found a runed translucent door.
  2243 | D:3      | Reached XP level 5. HP: 32/41 MP: 5/5
  2606 | D:3      | Killed dolemite99's ghost
  2698 | D:4      | Reached skill level 6 in Axes
  3219 | D:4      | Noticed a centaur
  3228 | D:5      | Entered Level 5 of the Dungeon
  3232 | D:5      | Reached XP level 6. HP: 35/47 MP: 6/6
  4189 | D:5      | Noticed Duvessa
  4189 | D:5      | Noticed Dowan
  4363 | D:5      | Reached skill level 7 in Axes
  4428 | D:5      | Reached XP level 7. HP: 52/52 MP: 7/7
  5239 | D:5      | Killed Duvessa
  5240 | D:5      | Reached skill level 8 in Axes
  5994 | D:5      | Noticed Grinder
  6008 | D:5      | Killed Grinder
  6009 | D:5      | Reached skill level 9 in Axes
  6009 | D:5      | Gained mutation: You are surrounded by a moderate repulsion
                  | field. (EV +3) [demonic ancestry]
  6009 | D:5      | Reached XP level 8. HP: 58/58 MP: 8/8
  6363 | D:5      | Found Annoank's Antique Weapon Emporium.
  6559 | D:5      | Found a runed translucent door.
  6560 | D:5      | Noticed Crazy Yiuf
  6566 | D:5      | Killed Crazy Yiuf
  6948 | D:4      | Killed Dowan
  7758 | D:6      | Found Ubbef's Antique Armour Shop.
  7762 | D:6      | Bought a runed scale mail for 203 gold pieces
  7952 | D:6      | Found a staircase to the Ecumenical Temple.
  8059 | D:6      | Noticed Eustachio
  8069 | D:6      | Reached skill level 10 in Axes
  8100 | D:6      | Killed Eustachio
  8104 | D:6      | Found an iron altar of Okawaru.
  8405 | D:6      | Found Aplo's Weapon Boutique.
  8447 | D:6      | Reached skill level 11 in Axes
  8452 | D:6      | Gained mutation: You sometimes gain a little power by
                  | taking damage. [demonic ancestry]
  8452 | D:6      | Reached XP level 9. HP: 63/63 MP: 9/9
  8532 | D:6      | Quit the game

Illustrated notes

Levels and vault maps discovered:
D:1:      lightli_arrival_statue_moat, layout_basic,
          hellmonk_ecumenical_altar_blasted
D:2:      cheibrodos_old_hovel, layout_loops_corners, basic_altar
D:3:      layout_rooms, hellmonk_ghost_happy_afterlife, serial_corexii_hall,
          corexii_hall_statues_u, chequers_hall_statues_wall_a, serial_shops,
          nicolae_shop_hallway_stairs, kennysheep_big_empty_room,
          serial_bayou_lake_a, uniq_ijyb
D:4:      layout_loops_ring, chequers_big_river
D:5:      layout_basic, serial_shops, kennysheep_little_box, hex_medium,
          uniq_duvessa, uniq_grinder, uniq_crazy_yiuf_cottage
D:6:      layout_rooms, okawaru_trees_1, evilmike_ruin_ashenzari,
          minmay_temple_entry_slanted, serial_shops, shop,
          nicolae_shop_bloodbath_and_beyond, uniq_eustachio

Skill      XL: |  1  2  3  4  5  6  7  8 |
---------------+-------------------------+-----
Axes           | 3 4 5 6 7 9 11 | 11.1
Fighting       | |  3.0
Armour         | |  1.7
Dodging        | |  1.7

Action                   |  1- 3 |  4- 6 |  7- 9 || total
-------------------------+-------+-------+-------++-------
Melee: Hand axe          |    68 |   139 |   144 ||   351
       Punch             |     1 |     4 |     1 ||     6
       Tailslap          |     4 |    25 |    19 ||    48
Throw: Dart              |       |     3 |    33 ||    36
       Stone             |       |       |     2 ||     2
       Throwing net      |       |       |     1 ||     1
Invok: Berserk           |     1 |     7 |    11 ||    19
       Trog's Hand       |       |       |     2 ||     2
  Use: Scroll            |       |       |     3 ||     3
       Potion            |       |       |     3 ||     3
 Stab: Sleeping          |     1 |       |       ||     1
Armor: Animal skin       |    16 |    32 |    10 ||    58
       Scale mail        |       |       |    40 ||    40
       Ring mail         |       |       |     5 ||     5
Dodge: Dodged            |    46 |   100 |   113 ||   259

Table legend: (Time is in decaauts)
 A = Elapsed time spent in this place.
 B = Non-inter-level travel time spent in this place.
 C = Inter-level travel time spent in this place.
 D = Time resting spent in this place.
 E = Time spent auto-exploring this place.
 F = Levels seen in this place.
 G = Mean time per level.
                   A        B        C        D        E       F      G
               +--------+--------+--------+--------+--------+-----+--------+
         Total |   8746 |   8368 |    378 |   2773 |   4668 |   6 | 1457.7 |
       Dungeon |   8746 |   8368 |    378 |   2773 |   4668 |   6 | 1457.7 |
               +--------+--------+--------+--------+--------+-----+--------+

Top non-repeatable levels by time:
     D:5: 2847 daAuts
     D:4: 2307 daAuts
     D:2: 987 daAuts
     D:1: 956 daAuts
     D:3: 863 daAuts
     D:6: 783 daAuts
